[Event "Team 45 45 League T47"]
[Site "Internet Chess Club"]
[Date "2010.11.07"]
[Round "1"]
[White "Berke"]
[Black "badmove"]
[Result "0-1"]
[WhiteElo "1645"]
[BlackElo "1739"]
[Opening "Giuoco Piano: four knights variation"]
[ECO "C26"]
[Time "16:00:10"]
[TimeControl "2700+45"]

1. e4 Nf6 2. Nc3 e5 3. Bc4 Bc5 4. Nf3 Nc6 5. O-O d6 6. h3 a6 7. d3 Na5 8. Bg5 c6
9. Qe2 h6 10. Be3 Bb6 11. b4 Nxc4 12. dxc4 Bc7 13. Rad1 Qe7 14. a4 Be6 15. Nd2
O-O 16. f4 exf4 17. Bxf4 Rad8 18. Qf3 Bb6+ 19. Kh1 Bd4 20. Qe2 Bxc3 21. Nf3 b5
22. cxb5 cxb5 23. Qe3 Be5 24. axb5 Bxf4 25. Qxf4 axb5 26. Nd4 Nh5 27. Qf3 Nf6
28. Nc6 Qb7 29. Nxd8 Rxd8 30. Rde1 Qc6 31. c3 Ra8 32. Qe3 Ra3 33. Rc1 Qxe4 34.
Qb6 Bxh3 35. Rf2 Be6 36. Qd8+ Kh7 37. Qxd6 Rxc3 38. Rcf1 Rc2 39. Rxc2 Qxc2 40.
Qf4 Qc4 41. Qg3 Qxf1+ 42. Kh2 {White resigns} 0-1

[Event "Team 45 45 League T47"]
[Site "Internet Chess Club"]
[Date "2010.11.08"]
[Round "1"]
[White "MateIn42"]
[Black "milesotoole"]
[Result "0-1"]
[WhiteElo "1437"]
[BlackElo "1500"]
[Opening "Sicilian: Hungarian variation"]
[ECO "B27"]
[Time "21:50:36"]
[TimeControl "2700+45"]

1. e4 c5 2. Nf3 g6 3. d4 cxd4 4. Qxd4 Nf6 5. e5 Nc6 6. Qc3 Nd5 7. Qd2 e6 8. Bb5
Bg7 9. Bxc6 bxc6 10. Nc3 Ba6 11. Nxd5 cxd5 12. Qd4 Qc7 13. Qa4 Qc6 14. Qxc6 dxc6
15. Nd4 c5 16. Nb3 Rc8 17. f4 O-O 18. Be3 d4 19. Bf2 f6 20. exf6 Bxf6 21. O-O-O
e5 22. fxe5 Bg5+ 23. Nd2 Rxf2 24. Rhe1 Rxg2 {White resigns} 0-1

[Event "Team 45 45 League T47"]
[Site "Internet Chess Club"]
[Date "2010.11.06"]
[Round "1"]
[White "gerailen0075"]
[Black "MASTERCHEF"]
[Result "1-0"]
[WhiteElo "1818"]
[BlackElo "1753"]
[Opening "Pirc: bayonet (Mariotti) attack"]
[ECO "B07"]
[Time "20:00:43"]
[TimeControl "2700+45"]

1. e4 d6 2. d4 Nf6 3. Nc3 g6 4. Be2 Bg7 5. h4 c5 6. dxc5 Qa5 7. Bd2 Qxc5 8. h5
Qb6 9. h6 Bf8 10. g4 Be6 11. g5 Nfd7 12. Nd5 Bxd5 13. exd5 Qxb2 14. Rh3 Qb6 15.
Rb1 Qc7 16. Rc3 Nc5 17. Be3 Qa5 18. Qd4 Rg8 19. a4 Ne4 20. Bb5+ Kd8 21. Qxe4
Qxc3+ 22. Bd2 Qe5 23. Qxe5 dxe5 24. f4 e6 25. dxe6 fxe6 26. Ba5+ b6 27. Rd1+ Kc7
28. Bc3 Bc5 29. Bxe5+ Kb7 30. Nf3 Nc6 31. Rd7+ Kc8 32. Bxc6 {Black resigns} 1-0

[Event "Team 45 45 League T47"]
[Site "Internet Chess Club"]
[Date "2010.11.04"]
[Round "1"]
[White "crazyhorses"]
[Black "ILRE"]
[Result "1/2-1/2"]
[WhiteElo "1501"]
[BlackElo "1557"]
[Opening "Pirc: bayonet (Mariotti) attack"]
[ECO "B07"]
[Time "17:01:27"]
[TimeControl "2700+45"]

1. e4 d6 2. d4 Nf6 3. Nc3 g6 4. Be2 Bg7 5. h4 h5 6. Nf3 c6 7. O-O b5 8. a3 a6 9.
Re1 Bg4 10. Bf4 O-O 11. e5 dxe5 12. dxe5 Nd5 13. Nxd5 Qxd5 14. Qxd5 cxd5 15. Nd4
Bxe2 16. Rxe2 e6 17. c3 Rc8 18. a4 bxa4 19. Rxa4 Nd7 20. Nf3 Nc5 21. Rd4 a5 22.
b4 axb4 23. cxb4 Ne4 24. Rb2 Bf8 25. Bd2 Nxd2 26. Rdxd2 Ra1+ 27. Kh2 Rc4 28. b5
Bh6 29. b6 Rc8 30. b7 Rb8 31. Rdc2 Rc1 32. Rxc1 Bxc1 33. Rc2 Bf4+ 34. g3 Bxg3+
35. Kxg3 Rxb7 36. Nd4 Kg7 37. f4 Rb4 38. Rd2 Rc4 39. Rd3 Kf8 40. Kf3 Kg7 41. Kg3
Kf8 42. Kf2 Kg7 43. Kf3 Kf8 44. Kg2 Kg7 45. Kf3 Kf8 46. Kg2 Kg7 47. Kf2 Kf8 48.
Kf3 Kg7 49. Ke3 Kf8 50. Kf3 Kg7 51. Kg3 Kf8 52. Kg2 Kg7 53. Kg3 Kf8 54. Kf3 Kg7
55. Kg2 Kf8 56. Kf3 Kg7 57. Kg3 Kf8 58. Kf2 Kg7 59. Kg3 Kf8 60. Kh3 Kg7 61. Kg3
Kf8 62. Kf3 Kg7 63. Kf2 Kf8 64. Kf3 Kg7 {Game drawn by repetition} 1/2-1/2

[Event "Team 45 45 League T47"]
[Site "Internet Chess Club"]
[Date "2010.11.08"]
[Round "1"]
[White "Helaman"]
[Black "pawn117"]
[Result "1-0"]
[WhiteElo "1451"]
[BlackElo "1467"]
[Opening "Philidor: exchange variation"]
[ECO "C41"]
[Time "13:00:18"]
[TimeControl "2700+45"]

1. e4 e5 2. Nf3 d6 3. d4 exd4 4. Nxd4 Be7 5. Nc3 Nf6 6. g3 b6 7. Bg2 Bb7 8. O-O
Qd7 9. Nf5 O-O 10. Bf4 g6 11. Nxe7+ Qxe7 12. Bg5 Nbd7 13. Nd5 Bxd5 14. exd5 Qe5
15. Bh6 Rfe8 16. c3 Re7 17. Re1 Qxe1+ 18. Qxe1 Rxe1+ 19. Rxe1 Re8 20. Rxe8+ Nxe8
21. Bg5 f6 22. Bc1 Kf7 23. f4 f5 24. b4 Nef6 25. h3 Ne4 26. Bxe4 fxe4 27. Kf2 h5
28. Bb2 Nf6 29. c4 Nh7 30. Ke3 g5 31. Kxe4 gxf4 32. Kxf4 Kg6 33. h4 Nf8 34. g4
hxg4 35. Kxg4 Nh7 36. h5+ Kf7 37. Kf5 Nf8 38. Bd4 Nh7 39. h6 Nf8 40. c5 dxc5 41.
bxc5 {Black resigns} 1-0

[Event "Team 45 45 League T47"]
[Site "Internet Chess Club"]
[Date "2010.11.06"]
[Round "1"]
[White "Nathaniel2"]
[Black "BrandonBee"]
[Result "0-1"]
[WhiteElo "1382"]
[BlackElo "1600"]
[Opening "Sicilian: closed"]
[ECO "B23"]
[Time "09:00:22"]
[TimeControl "2700+45"]

1. e4 c5 2. Nc3 e6 3. g3 b6 4. Bg2 Bb7 5. d3 a6 6. Nge2 Be7 7. Be3 Nf6 8. h3 Qc7
9. O-O Nc6 10. Qd2 O-O-O 11. a3 d5 12. exd5 exd5 13. d4 Na5 14. Bf4 Bd6 15. Bxd6
Qxd6 16. b3 c4 17. b4 Nc6 18. f4 Ne7 19. Qe3 Rde8 20. Qe5 Qd7 21. Qe3 Nf5 22.
Qd2 Ne3 23. Rf3 Nxg2 24. Kxg2 Ne4 25. Nxe4 Rxe4 26. Nc3 Re6 27. Re1 Rxe1 28.
Qxe1 Re8 29. Re3 Bc6 30. Kf3 Rxe3+ 31. Qxe3 Qxh3 32. Qf2 Qe6 33. g4 g6 34. g5 f6
35. Qh4 fxg5 36. fxg5 Qf5+ 37. Qf4 Qh3+ 38. Qg3 Qf1+ 39. Qf2 Qxf2+ 40. Kxf2 Kd7
41. Kf3 Ke6 42. Kf4 Bd7 43. a4 Kd6 44. b5 a5 45. Nd1 c3 46. Nxc3 Bf5 47. Nd1
Bxc2 48. Nb2 Ke6 49. Kg4 Be4 50. Kf4 Kf7 51. Nd1 Kg7 52. Nc3 Bh1 53. Kg4 h5+ 54.
gxh6+ Kxh6 55. Kh4 g5+ 56. Kg4 Kg6 57. Ne2 Be4 58. Nc3 Bf5+ 59. Kg3 Be6 60. Ne2
Kf5 61. Nc3 g4 62. Ne2 Ke4 63. Nf4 Bf5 64. Ne2 Ke3 65. Nf4 Kxd4 66. Ne2+ Ke3 67.
Nf4 Ke4 68. Ne2 d4 69. Kf2 d3 70. Nc1 d2 71. Na2 Kd3 72. Kg2 d1=Q 73. Kf2 Qd2+
74. Kf1 g3 {White resigns} 0-1

[Event "Team 45 45 League T47"]
[Site "Internet Chess Club"]
[Date "2010.11.05"]
[Round "1"]
[White "wekabird"]
[Black "Just-Jim"]
[Result "0-1"]
[WhiteElo "1153"]
[BlackElo "1437"]
[Opening "English opening"]
[ECO "A22"]
[Time "19:30:20"]
[TimeControl "2700+45"]

1. c4 e5 2. Nc3 Nf6 3. e4 Bc5 4. h3 c6 5. Nf3 d6 6. g3 O-O 7. Bg2 Bb4 8. d3 Be6
9. a3 Bxc3+ 10. bxc3 h6 11. O-O Qc7 12. Rb1 d5 13. cxd5 cxd5 14. Re1 dxe4 15.
dxe4 Nbd7 16. Bb2 Bc4 17. Qc2 Nc5 18. Nd2 Bd3 19. Qc1 Bxb1 20. Qxb1 Rfd8 21. Nf3
Nd3 22. Rd1 Nxb2 23. Rxd8+ Rxd8 24. Qxb2 Rd1+ 25. Kh2 Nxe4 26. Qe2 Nxc3 27. Qxe5
Qxe5 28. Nxe5 b6 29. Bf3 Ra1 30. Nc4 Nb5 31. a4 Rxa4 32. Ne5 Nd4 33. Bd5 Ra5 34.
Bxf7+ Kf8 35. f4 Rxe5 36. fxe5 Kxf7 37. Kg2 Ke6 38. Kf2 a5 39. Ke3 Kxe5 40. g4
a4 41. Kd2 b5 42. Kc3 a3 43. h4 Nf3 44. h5 Nh2 45. Kb3 Nxg4 46. Kxa3 Nf6 {White
resigns} 0-1

[Event "Team 45 45 League T47"]
[Site "Internet Chess Club"]
[Date "2010.11.07"]
[Round "1"]
[White "WzeroMN"]
[Black "Conjurer"]
[Result "1-0"]
[WhiteElo "1173"]
[BlackElo "1212"]
[Opening "Sicilian: Najdorf, 6.Bg5"]
[ECO "B94"]
[Time "16:07:29"]
[TimeControl "2700+45"]

1. e4 c5 2. Nf3 d6 3. d4 cxd4 4. Nxd4 Nf6 5. Nc3 a6 6. Bg5 b5 7. Bxf6 gxf6 8.
Nd5 e5 9. Nf3 Bb7 10. Be2 Nd7 11. O-O Nc5 12. Bd3 Nxd3 13. Qxd3 Rc8 14. Rac1 Bh6
15. Rcd1 O-O 16. Nh4 Rc6 17. Nf5 Bg5 18. Qg3 Kh8 19. h4 Bf4 20. Qg7# {Black
checkmated} 1-0

[Event "Team 45 45 League T47"]
[Site "Internet Chess Club"]
[Date "2010.11.06"]
[Round "1"]
[White "guyd52"]
[Black "CoasterBrake"]
[Result "1-0"]
[WhiteElo "1240"]
[BlackElo "1161"]
[Opening "Benko's opening"]
[ECO "A00"]
[Time "18:04:17"]
[TimeControl "2700+45"]

1. g3 Nf6 2. Nf3 d5 3. Bg2 Nc6 4. d3 e5 5. Nbd2 Bb4 6. c3 Be7 7. O-O O-O 8. Re1
Bf5 9. e4 dxe4 10. dxe4 Bg4 11. h3 Be6 12. b4 a6 13. a4 Bd6 14. Ng5 Qd7 15. Qc2
h6 16. Nxe6 Qxe6 17. Bf1 b5 18. axb5 axb5 19. Rxa8 Rxa8 20. Kg2 Rb8 21. Nb1 g5
22. Na3 Na7 23. Be3 c6 24. Bxa7 Ra8 25. Nxb5 cxb5 26. Be3 Qd7 27. Rd1 Qc6 28.
Bxb5 Qxe4+ 29. Qxe4 Nxe4 30. Bc6 Ra6 31. Bxe4 Ra3 {Black resigns} 1-0

[Event "Team 45 45 League T47"]
[Site "Internet Chess Club"]
[Date "2010.11.06"]
[Round "1"]
[White "theartist"]
[Black "WilmaP"]
[Result "1-0"]
[WhiteElo "1205"]
[BlackElo "1093"]
[Opening "QGD semi-Slav"]
[ECO "D43"]
[Time "12:31:52"]
[TimeControl "2700+45"]

1. d4 d5 2. c4 e6 3. Nc3 c6 4. Nf3 Nf6 5. Bg5 h6 6. Bh4 Bb4 7. a3 Be7 8. e3 Nbd7
9. Bd3 Nb6 10. c5 Nc4 11. Qc2 b6 12. b4 b5 13. Bxc4 bxc4 14. O-O Bd7 15. e4 dxe4
16. Nxe4 Nxe4 17. Qxe4 Bxh4 18. Nxh4 O-O 19. Nf3 f6 20. Qc2 a5 21. Qxc4 Bc8 22.
Rfe1 Re8 23. Qc2 axb4 24. axb4 Rxa1 25. Rxa1 Bb7 26. Ra7 Bc8 27. Qa4 Qd5 28. Rc7
e5 29. h3 e4 30. Ne1 Rd8 31. Qa8 Bxh3 32. Qxc6 Qxc6 33. Rxc6 Bf5 34. Rd6 Re8 35.
b5 e3 36. f3 Ra8 37. Ra6 Rd8 38. g4 Be6 39. Rxe6 Rxd4 40. Rxe3 Ra4 41. Rb3 Ra1
42. Kf2 Ra2+ 43. Ke3 Ra1 44. Nd3 Kh7 45. b6 Kg6 46. b7 f5 47. b8=Q Kg5 48. Qd8+
Kg6 {Black resigns} 1-0

[Event "Team 45 45 League T47"]
[Site "Internet Chess Club"]
[Date "2010.11.08"]
[Round "1"]
[White "LeanSixSigma"]
[Black "Skylab"]
[Result "1-0"]
[WhiteElo "1476"]
[BlackElo "1295"]
[Opening "QGD"]
[ECO "D02"]
[Time "13:00:09"]
[TimeControl "2700+45"]

1. d4 Nf6 2. Nf3 d5 3. c4 e6 4. Bg5 Be7 5. Nc3 Nbd7 6. cxd5 exd5 7. e3 c6 8. a3
O-O 9. Bd3 h6 10. Bh4 Qa5 11. b4 Qd8 12. Bc2 Re8 13. Qd3 b6 14. Bxf6 Nxf6 15.
Ne5 Qc7 16. h3 Bd6 17. Ng4 Ne4 18. Nxe4 dxe4 19. Qe2 a5 20. b5 cxb5 21. O-O Ba6
22. Qd2 Qe7 23. Bd1 b4 24. Re1 bxa3 25. Qa2 Bb4 26. Ne5 Bxe1 27. Nxf7 Qxf7 28.
Bb3 Bc4 29. Bxc4 Qxc4 30. Qxc4+ Kh8 31. Rxe1 Rac8 32. Qa4 Rc3 33. Qxe8+ {Black
resigns} 1-0

[Event "Team 45 45 League T47"]
[Site "Internet Chess Club"]
[Date "2010.11.08"]
[Round "1"]
[White "JimGaming"]
[Black "jjaillet2007"]
[Result "0-1"]
[WhiteElo "1224"]
[BlackElo "1269"]
[Opening "French: exchange variation"]
[ECO "C01"]
[Time "20:28:12"]
[TimeControl "2700+45"]

1. e4 e6 2. d4 d5 3. exd5 exd5 4. c3 Bd6 5. Nf3 Bg4 6. h3 Bh5 7. Nbd2 Nf6 8. g4
Bg6 9. Qe2+ Ne4 10. Qb5+ Nd7 11. Qxd5 c6 12. Qb3 Qb6 13. Bc4 Qxb3 14. axb3 b5
15. Bf1 O-O 16. h4 Rfe8 17. h5 Ng3+ 18. Ne5 Nxh1 19. hxg6 hxg6 20. Nf3 Bxe5 21.
dxe5 Nxe5 22. Nxe5 Rxe5+ 23. Be3 f5 24. Bg2 Nxf2 25. Kxf2 fxg4 26. Bxc6 Rf8+ 27.
Ke2 g3 28. Rd1 Rf2+ 29. Kd3 Rxb2 30. Kd4 Rf5 31. Bd5+ Kf8 32. Ke4 g2 33. Bc5+
Ke8 34. Bc6+ Kf7 35. Rd7+ Kg8 36. Bd4 Re2+ 37. Kd3 Re1 38. Rxg7+ Kf8 39. Rxg6 b4
40. Rxg2 bxc3 41. Kxc3 Rc1+ 42. Kb4 Rxc6 43. Rf2 Rxf2 44. Bxf2 Rc7 45. Bc5+ Ke8
46. Kb5 Kd7 47. b4 Kc8 48. Ka6 Kd7 49. Bxa7 Rc6+ 50. Bb6 Kc8 51. b5 Re6 52. Ka7
Re7+ 53. Ka8 Rb7 54. Bf2 Rxb5 55. Bg3 Ra5# {White checkmated} 0-1

[Event "Team 45 45 League T47"]
[Site "Internet Chess Club"]
[Date "2010.11.07"]
[Round "1"]
[White "anatolybcn"]
[Black "MeansToAnEnd"]
[Result "1-0"]
[WhiteElo "1266"]
[BlackElo "1216"]
[Opening "Giuoco Pianissimo"]
[ECO "C55"]
[Time "16:12:47"]
[TimeControl "2700+45"]

1. e4 e5 2. Nf3 Nc6 3. Bc4 Nf6 4. d3 Bc5 5. c3 d6 6. h3 O-O 7. O-O Be6 8. Nbd2
a6 9. b4 Ba7 10. Ng5 Qe7 11. Re1 b5 12. Bb3 a5 13. a3 a4 14. Ba2 Nd8 15. c4 c6
16. cxb5 cxb5 17. Bb2 Nc6 18. Nxe6 fxe6 19. Nf3 Nh5 20. Bc1 Nf4 21. Bxf4 exf4
22. Qc1 Rac8 23. Qd1 Kh8 24. d4 e5 25. d5 Nb8 26. Bb1 h6 27. Bd3 Qe8 28. Qe2 g5
29. Bxb5 Qh5 30. Bxa4 g4 31. hxg4 Qxg4 32. Nh2 Qg3 33. Qf3 Bd4 34. Rab1 Rc3 35.
Re3 Rxe3 36. fxe3 Bxe3+ 37. Kh1 Rg8 38. Bb5 Rg5 39. a4 Kh7 40. a5 Kg6 41. Be8+
Kf6 42. b5 Rg8 43. Bh5 Rc8 44. Qxg3 fxg3 45. Ng4+ Kg5 46. Nxe3 Kxh5 47. Nf5 Rd8
48. Nxg3+ Kg4 49. Kh2 h5 50. a6 Nd7 51. b6 Nc5 52. a7 Ra8 53. b7 Nxb7 54. Rxb7
h4 55. Nf5 Kf4 56. Nxd6 Ke3 57. Kh3 Kd4 58. Kxh4 Kc5 59. Nf7 Kd4 60. Ng5 Ke3 61.
d6 Kf2 62. g3 Ke3 63. d7 Rh8+ 64. Kg4 Ra8 65. Rb8 Rxa7 66. d8=Q Ra1 67. Qf6 Kd4
68. Nf3+ Ke3 69. Rb3+ Kf2 70. Nxe5+ Kg2 71. Rb2+ Kh1 72. Qh6+ Kg1 73. Qh2+ Kf1
74. Qf2# {Black checkmated} 1-0

[Event "Team 45 45 League T47"]
[Site "Internet Chess Club"]
[Date "2010.11.07"]
[Round "1"]
[White "sere"]
[Black "Mclintock45"]
[Result "1-0"]
[WhiteElo "1200"]
[BlackElo "1004"]
[Opening "QGD Slav: 4.Nc3"]
[ECO "D15"]
[Time "11:00:32"]
[TimeControl "2700+45"]

1. d4 d5 2. c4 c6 3. Nc3 Nf6 4. Nf3 Bf5 5. Bf4 e6 6. e3 Bb4 7. Be2 O-O 8. O-O
Nh5 9. Qb3 Na6 10. cxd5 cxd5 11. Bxa6 bxa6 12. Qxb4 Rb8 13. Qxb8 Qxb8 14. Bxb8
Rxb8 15. Rac1 g6 16. g4 Bxg4 17. Ne5 Bh3 18. Nc6 Rxb2 19. Rb1 Rc2 20. Rfc1 Rd2
21. Nxa7 Nf6 22. Rd1 Rc2 23. Rb8+ Kg7 24. Rc8 Ng4 25. Ne4 Rxa2 26. Nd2 a5 27.
Nb5 Rb2 28. Nc3 Rc2 29. Rc5 Rb2 30. Na4 Rb4 31. Rxa5 Rb7 32. Rb1 Rd7 33. Nf3 f6
34. Rab5 e5 35. Rb7 Rf7 36. Rxf7+ Kxf7 37. Rb7+ Ke6 38. Nc5+ Kd6 39. Rxh7 exd4
40. exd4 Nh6 41. Rxh6 Bf5 42. Nh4 Bc2 43. Nxg6 Kc6 44. Ne7+ Kb5 45. Rxf6 Kc4 46.
Rd6 Kxd4 47. Rxd5+ Kc4 48. h4 Kb5 49. f4 Be4 50. Nxe4+ Kc4 51. f5 Kb3 52. f6 Kc2
53. f7 Kb3 54. f8=R Kc4 55. Rc8+ Kb4 56. Rd1 Kb3 57. Rb1+ Ka2 58. Rb7 Ka3 59.
Ra8# {Black checkmated} 1-0

[Event "Team 45 45 League T47"]
[Site "Internet Chess Club"]
[Date "2010.11.05"]
[Round "1"]
[White "JWB"]
[Black "VietLion"]
[Result "0-1"]
[WhiteElo "1627"]
[BlackElo "1877"]
[Opening "QGD: Tarrasch, Prague variation, 9.Bg5"]
[ECO "D34"]
[Time "16:00:52"]
[TimeControl "2700+45"]

1. d4 d5 2. Nf3 e6 3. c4 c5 4. cxd5 exd5 5. Nc3 Nc6 6. g3 Nf6 7. Bg2 Be7 8. O-O
O-O 9. Bg5 h6 10. Be3 c4 11. b3 Qa5 12. Rc1 Ba3 13. bxc4 Bxc1 14. Qxc1 dxc4 15.
Nd2 Be6 16. Rd1 Rad8 17. Nde4 Nxe4 18. Bxe4 Ne7 19. Bxh6 Qh5 20. Bg5 f6 21. Bf4
Nd5 22. Bf3 Qf7 23. Bd2 f5 24. e3 Nxc3 25. Bxc3 Bd5 26. Be2 b5 27. Bb4 Rfe8 28.
Qb2 Qe6 29. Bf1 Qe4 {White resigns} 0-1

[Event "Team 45 45 League T47"]
[Site "Internet Chess Club"]
[Date "2010.11.09"]
[Round "1"]
[White "Bacon1290"]
[Black "rayngrant"]
[Result "1-0"]
[WhiteElo "1679"]
[BlackElo "1584"]
[Opening "King's Indian: 4.e4"]
[ECO "E70"]
[Time "20:02:18"]
[TimeControl "2700+45"]

1. d4 Nf6 2. c4 g6 3. Nc3 Bg7 4. e4 c6 5. e5 Ng8 6. Nf3 d5 7. Be3 Nh6 8. Qd2 Nf5
9. Be2 Nxe3 10. Qxe3 O-O 11. O-O dxc4 12. Bxc4 Nd7 13. e6 fxe6 14. Bxe6+ Kh8 15.
Rfe1 Nb6 16. Bxc8 Rxc8 17. Qxe7 Bxd4 18. Rad1 Qxe7 19. Rxe7 Bxc3 20. bxc3 Nd5
21. Rxb7 Nxc3 22. Rdd7 Rfd8 23. Rxh7+ Kg8 24. h3 Ne2+ 25. Kh2 c5 26. Ng5 c4 27.
Ne6 {Black resigns} 1-0

[Event "Team 45 45 League T47"]
[Site "Internet Chess Club"]
[Date "2010.11.07"]
[Round "1"]
[White "philosopherking"]
[Black "leo6"]
[Result "1-0"]
[WhiteElo "1496"]
[BlackElo "1530"]
[Opening "King's Indian: Petrosian system"]
[ECO "E92"]
[Time "17:00:04"]
[TimeControl "2700+45"]

1. d4 Nf6 2. c4 g6 3. Nc3 Bg7 4. e4 d6 5. Nf3 O-O 6. Be2 e5 7. d5 c6 8. O-O Nbd7
9. dxc6 bxc6 10. Qxd6 c5 11. Rd1 Re8 12. Bg5 Re6 13. Qd3 Rb8 14. b3 h6 15. Bh4
Qc7 16. Bg3 Rbb6 17. Nb5 Qb8 18. Rd2 a6 19. Nc3 Rbd6 20. Qc2 Bb7 21. Rad1 Nh5
22. Bh4 g5 23. Nxg5 hxg5 24. Bxg5 Rg6 25. Rxd6 Rxd6 26. Bxh5 Nf6 27. Nd5 Nxh5
28. Qe2 Nf6 29. Bxf6 Bxf6 30. Qg4+ Kf8 31. Qh5 Bg7 32. Rd3 Qc8 33. Qg5 Bh6 34.
Qe7+ Kg7 35. Qxd6 {Black resigns} 1-0

[Event "Team 45 45 League T47"]
[Site "Internet Chess Club"]
[Date "2010.11.06"]
[Round "1"]
[White "Burbia"]
[Black "peterdiplaros"]
[Result "0-1"]
[WhiteElo "1356"]
[BlackElo "1451"]
[Opening "Sicilian: Alapin's variation (2.c3)"]
[ECO "B22"]
[Time "18:02:21"]
[TimeControl "2700+45"]

1. e4 c5 2. c3 g6 3. d4 cxd4 4. cxd4 Bg7 5. Nf3 Nf6 6. Nc3 O-O 7. Bd3 d6 8. O-O
a6 9. Bg5 Nbd7 10. Qd2 b5 11. Bh6 Bb7 12. Bxg7 Kxg7 13. b4 e5 14. d5 Rc8 15.
Rac1 Ne8 16. Qg5 Qxg5 17. Nxg5 Nb6 18. f4 exf4 19. Rxf4 Nc4 20. Bxc4 bxc4 21.
Na4 h6 22. Nh3 g5 23. Rf2 Nf6 24. Re2 Rfe8 25. Nf2 Bxd5 26. Nb6 Rb8 27. Nxd5
Nxd5 28. Rxc4 Nf4 29. Rec2 d5 30. exd5 Re1# {White checkmated} 0-1

[Event "Team 45 45 League T47"]
[Site "Internet Chess Club"]
[Date "2010.11.07"]
[Round "1"]
[White "ElMarginal"]
[Black "Mark-SF"]
[Result "0-1"]
[WhiteElo "1533"]
[BlackElo "1797"]
[Opening "Petrov: French attack"]
[ECO "C42"]
[Time "21:03:22"]
[TimeControl "2700+45"]

1. e4 e5 2. Nf3 Nf6 3. Nxe5 d6 4. Nf3 Nxe4 5. d3 Nf6 6. Nc3 Be7 7. Be2 Nc6 8.
Be3 O-O 9. O-O d5 10. d4 Bf5 11. a3 a6 12. Nh4 Be6 13. Qd3 Ne4 14. Nxe4 dxe4 15.
Qxe4 Bxh4 16. f4 Bd5 17. Qf5 Qe7 18. Bd3 g6 19. Qh3 Rfe8 20. Bf2 Bxf2+ 21. Rxf2
Nxd4 22. Raf1 Be4 23. c3 Bxd3 24. Qxd3 Nc6 25. f5 Qe3 26. Qc2 g5 27. Kh1 Rad8
28. Rf3 Qe2 29. Qb3 Re3 30. R3f2 Qxf2 {White resigns} 0-1

[Event "Team 45 45 League T47"]
[Site "Internet Chess Club"]
[Date "2010.11.09"]
[Round "1"]
[White "oldsj"]
[Black "whiskeytown"]
[Result "0-1"]
[WhiteElo "1635"]
[BlackElo "1487"]
[Opening "Pirc: classical system, 5.Be2"]
[ECO "B08"]
[Time "12:03:33"]
[TimeControl "2700+45"]

1. e4 d6 2. d4 Nf6 3. Nc3 g6 4. Nf3 Bg7 5. Be2 O-O 6. O-O c6 7. Be3 b5 8. a3 a5
9. h3 Bb7 10. b4 axb4 11. axb4 Rxa1 12. Qxa1 Nbd7 13. Qc1 Nb6 14. Bh6 Nc4 15.
Bxg7 Kxg7 16. Bxc4 bxc4 17. Re1 Qb6 18. Qb2 Kg8 19. e5 Nd7 20. exd6 exd6 21. Nd1
d5 22. c3 Qd8 23. Qe2 Nf6 24. Qe7 Bc8 25. Qxd8 Rxd8 26. Re7 Rd7 27. Rxd7 Bxd7
28. Ne5 Kf8 29. Nxd7+ Nxd7 30. Ne3 Nb6 31. Kf1 Ke7 32. Ke2 Kd6 33. g4 Na4 34.
Kd2 Nb2 35. f4 f6 36. f5 g5 37. Ng2 Nd3 38. Ke3 h6 39. Ke2 Kc7 40. h4 Kb6 41.
hxg5 hxg5 42. Ne1 Nxe1 43. Kxe1 Kb5 44. Kd2 Ka4 45. Kc1 Kb3 46. Kb1 Kxc3 47. Ka2
Kxd4 48. Kb2 Kd3 49. Kc1 Kc3 50. Kd1 Kb2 51. Ke2 c3 52. Kd3 c2 53. Kd4 c1=Q
{White resigns} 0-1

[Event "Team 45 45 League T47"]
[Site "Internet Chess Club"]
[Date "2010.11.07"]
[Round "1"]
[White "GadsHill"]
[Black "rom1"]
[Result "0-1"]
[WhiteElo "1540"]
[BlackElo "1509"]
[Opening "Grünfeld: 5.Bg5"]
[ECO "D91"]
[Time "13:00:18"]
[TimeControl "2700+45"]

1. d4 Nf6 2. c4 g6 3. Nc3 d5 4. Nf3 Bg7 5. Bg5 Ne4 6. cxd5 Nxg5 7. Nxg5 e5 8.
Nf3 e4 9. Ne5 O-O 10. e3 Re8 11. Nc4 c6 12. dxc6 Nxc6 13. Rc1 a6 14. Nd2 f5 15.
Bc4+ Kh8 16. O-O Bd7 17. a3 Na5 18. Ba2 b5 19. b4 Nb7 20. Bd5 Rb8 21. Bxb7 Rxb7
22. Nb3 Be6 23. Nc5 Ra7 24. Nb1 Bc4 25. Re1 a5 26. bxa5 Qxa5 27. Nd2 Bd5 28.
Ndb3 Qb6 29. Ra1 Rd8 30. Qc2 Rc7 31. Rab1 Qf6 32. Qc3 Qf7 33. Qa5 Bc4 34. Nb7
Rdd7 35. N7c5 Ra7 36. Qb4 Bf8 37. Na5 Bd3 38. Rb2 Rdc7 39. Rc1 Bd6 40. a4 bxa4
41. Qxa4 Ra8 42. Nxd3 exd3 43. Rxc7 Qxc7 {White resigns} 0-1

[Event "Team 45 45 League T47"]
[Site "Internet Chess Club"]
[Date "2010.11.08"]
[Round "1"]
[White "Just-Jim"]
[Black "AlekSaxon"]
[Result "0-1"]
[WhiteElo "1423"]
[BlackElo "1497"]
[Opening "Scotch game"]
[ECO "C45"]
[Time "18:00:39"]
[TimeControl "2700+45"]

1. e4 e5 2. Nf3 Nc6 3. d4 exd4 4. Nxd4 Bc5 5. Nxc6 bxc6 6. Be2 Bxf2+ 7. Kxf2
Qh4+ 8. g3 Qxe4 9. Re1 Qb4 10. Bf3+ Ne7 11. Rxe7+ Qxe7 12. Qe2 Qxe2+ 13. Bxe2
O-O 14. Bf4 d6 15. Bf3 Bd7 16. Nd2 h6 17. g4 g5 18. Bg3 f5 19. gxf5 Bxf5 20. Kg2
Rae8 21. c3 g4 22. Bd1 h5 23. Bf2 Be6 24. b4 Bd5+ 25. Kg1 a6 26. c4 Be6 27. a4
d5 28. c5 d4 29. Bxd4 Bd5 30. h3 Re1+ 31. Kh2 Rh1+ 32. Kg3 Rxh3# {White
checkmated} 0-1

[Event "Team 45 45 League T47"]
[Site "Internet Chess Club"]
[Date "2010.11.05"]
[Round "1"]
[White "Lyko"]
[Black "Tjet"]
[Result "1/2-1/2"]
[WhiteElo "1483"]
[BlackElo "1578"]
[Opening "Queen's Pawn"]
[ECO "B07"]
[Time "15:08:55"]
[TimeControl "2700+45"]

1. d4 d6 2. e4 e5 3. dxe5 dxe5 4. Qxd8+ Kxd8 5. Bc4 Be6 6. Bxe6 fxe6 7. Ne2 Bd6
8. O-O Ke7 9. Nbc3 a6 10. Be3 Nf6 11. f4 exf4 12. Nxf4 Nbd7 13. Rf2 Raf8 14.
Raf1 Bxf4 15. Bxf4 c6 16. Rd1 h6 17. Bd6+ Ke8 18. Bxf8 Rxf8 19. Rfd2 Rf7 20. Rf2
Nc5 21. Rdf1 Ncd7 22. e5 Nxe5 23. Ne4 Nxe4 24. Rxf7 Nxf7 25. Re1 Nfd6 26. c4 Kd7
27. b4 Nf6 28. c5 Nb5 29. Re3 Ke7 30. Rg3 Ne8 31. Rb3 Nbc7 32. a4 Nd5 33. b5
axb5 34. axb5 cxb5 35. Rxb5 Nec7 36. Rxb7 e5 37. Rb8 e4 38. Kf2 e3+ 39. Ke2 Ke6
40. Rg8 Kf7 41. Rd8 Ke7 42. Rg8 {Game drawn by mutual agreement} 1/2-1/2

[Event "Team 45 45 League T47"]
[Site "Internet Chess Club"]
[Date "2010.11.06"]
[Round "1"]
[White "alaskauk"]
[Black "stputte"]
[Result "0-1"]
[WhiteElo "1486"]
[BlackElo "1555"]
[Opening "Alekhine's defense"]
[ECO "B03"]
[Time "15:12:08"]
[TimeControl "2700+45"]

1. e4 Nf6 2. e5 Nd5 3. d4 d6 4. exd6 cxd6 5. Nf3 g6 6. Bc4 Nb6 7. Bb3 Bg7 8. O-O
O-O 9. Re1 Nc6 10. Be3 Bg4 11. c3 e5 12. h3 Bxf3 13. Qxf3 Qc7 14. d5 Ne7 15. Qe4
f5 16. Qd3 f4 17. Bxb6 Qxb6 18. Nd2 Nf5 19. Ne4 h6 20. Rac1 Rf7 21. Re2 Raf8 22.
Rcc2 Nh4 23. Red2 f3 24. g3 Ng2 25. Rc1 Rf5 26. Bd1 h5 27. h4 Bh6 28. Ng5 Bxg5
29. hxg5 Rxg5 30. Kh2 Nf4 31. Qe4 Qb5 32. Bxf3 Qd7 33. Qe1 Qh3+ 34. Kg1 h4 35.
Qf1 hxg3 36. Qxh3 Nxh3+ 37. Kg2 gxf2+ 38. Kxh3 Rxf3+ 39. Kh4 f1=Q 40. Rxf1 Rh5+
41. Kg4 Rxf1 42. c4 Rhf5 43. c5 Rg1+ {White resigns} 0-1

[Event "Team 45 45 League T47"]
[Site "Internet Chess Club"]
[Date "2010.11.07"]
[Round "1"]
[White "dscvdchk"]
[Black "arconia"]
[Result "1-0"]
[WhiteElo "1512"]
[BlackElo "1343"]
[Opening "Réti opening"]
[ECO "A30"]
[Time "11:02:42"]
[TimeControl "2700+45"]

1. Nf3 c5 2. c4 Nc6 3. g3 e6 4. Bg2 Nf6 5. Nc3 Be7 6. O-O O-O 7. d4 cxd4 8. Nxd4
Ne5 9. b3 a6 10. Bb2 h5 11. Qc2 h4 12. Ne4 d5 13. Ng5 g6 14. Ndxe6 fxe6 15. Bxe5
Qe8 16. Rad1 Ng4 17. Bf4 e5 18. Bxd5+ Kg7 19. Bc1 Bc5 20. Ne4 Nxf2 21. Nxc5 Nh3+
22. Kg2 Rh8 23. Nxb7 hxg3 24. hxg3 Be6 25. Nd6 Bxd5+ 26. e4 Bxe4+ 27. Qxe4 Qe6
28. Rf7+ Kg8 29. Qxa8+ {Black resigns} 1-0